 Dungeon Crawl Stone Soup version 0.23-a0-667-gc184e93 (console) character file.

2349 Voker57 the Nimble (level 9, -1/62 HPs)
             Began as a Demonspawn Gladiator on Jan 8, 2019.
             Was a Follower of Hepliaklqana.
             Slain by a hippogriff (5 damage)
             ... on level 7 of the Dungeon.
             The game lasted 00:11:06 (7647 turns).

Voker57 the Nimble (Demonspawn Gladiator)           Turns: 7647, Time: 00:11:07

Health: -1/62      AC:  7    Str: 15    XL:     9   Next: 20%
Magic:  12/12      EV: 17    Int:  9    God:    Hepliaklqana [*.....]
Gold:   413        SH:  0    Dex: 18    Spells: 8/8 levels left

rFire    + + .     SeeInvis .   A - +2 falchion (freeze)
rCold    + . .     Gourm    .   (no shield)
rNeg     . . .     Faith    .   j - +2 robe {rC+ rF+}
rPois    .         Spirit   .   (helmet restricted)
rElec    .         Reflect  .   (no cloak)
rCorr    .         Harm     .   (no gloves)
MR       .....                  (no boots)
Stlth    ++........             (no amulet)
HPRegen  0.20/turn              (no ring)
MPRegen  0.13/turn              (no ring)

@: heavily drained
A: reduced essence, antennae 1, yellow scales 2, fire resistance 1, powered by
death 1
a: Recall Ancestor, Ancestor Identity, Renounce Religion


You were on level 7 of the Dungeon.
You worshipped Hepliaklqana.
Hepliaklqana was aware of your devotion.
You were near starving.

You visited 2 branches of the dungeon, and saw 8 of its levels.

You collected 413 gold pieces.

Inventory:

Hand Weapons
 a - a +2 long sword
 b - a +5 mace of draining
 A - a +2 falchion of freezing (weapon)
Armour
 c - a +0 helmet
 d - a +1 leather armour
 j - a +2 robe of resistance (worn)
Jewellery
 r - a cursed ring of ice
 t - an uncursed ring of magical power {unknown}
Wands
 g - a wand of paralysis (16)
 p - a wand of random effects (13)
Scrolls
 h - 6 scrolls of identify
 n - a scroll of fog
 o - 5 scrolls of remove curse
 w - a scroll of fear
 x - a scroll of blinking
 y - a scroll of enchant weapon
Potions
 e - a potion of degeneration
 k - 2 potions of mutation
 m - 2 potions of curing
 q - a potion of agility {unknown}
 s - a potion of flight {unknown}
 u - a potion of berserk rage {unknown}
 v - a potion of experience {unknown}
Comestibles
 f - 5 rations


   Skills:
 + Level 6.1(4.8) Fighting
 + Level 6.0(4.7) Long Blades
 - Level 1.7(0.6) Throwing
 * Level 8.1(6.7) Dodging
 + Level 4.8(3.6) Invocations


You had 8 spell levels left.
You didn't know any spells.
Your spell library was empty.

Dungeon Overview and Level Annotations

Branches:
Dungeon (7/15)             Temple (1/1) D:4

Altars:
Ashenzari
Cheibriados
Dithmenos
Elyvilon
Fedhas
Gozag
Hepliaklqana
Kikubaaqudgha
Makhleb
Nemelex Xobeh
Okawaru
Qazlal
Ru
Sif Muna
Trog
Uskayaw
Vehumet
Wu Jian
Xom
Zin
The Shining One

Annotations:
D:5 1 runed door, ThereIsNoGod's ghost, novice OpFi


Innate Abilities, Weirdness & Mutations

You have a pair of small antennae on your head.
You are mostly covered in yellow scales. (AC +3)
Your flesh is heat resistant. (rF+)
You regenerate a little health from kills.
Your life essence is reduced to manifest your ancestor. (-10% HP)


Message History

The hippogriff bites you but does no damage.
The hippogriff pecks you!
The hippogriff claws you. Æðelind barely misses the You hit the hippogriff but do no damage.
The hippogriff is heavily wounded.
The hippogriff bites you.
* * * LOW HITPOINT WARNING * * *
The hippogriff pecks you!
* * * LOW HITPOINT WARNING * * *
The hippogriff completely misses you. Æðelind hits the hippogriff but does no damage.
You closely miss the hippogriff.
The hippogriff is heavily wounded.
The hippogriff misses you.
The hippogriff barely misses you. x2 Æðelind closely misses the hippogriff.
You slash the hippogriff! You freeze the hippogriff.
The hippogriff is almost dead. Æðelind hits the hippogriff.
The hippogriff bites you!
* * * LOW HITPOINT WARNING * * *
The hippogriff closely misses you. The hippogriff claws you.
You die...

...........
..........#
..........#
..........#
........)###
.........†.## #.
.........#..### ..
...>.....##...##
##.#
#..##########..###
#..# #. ##RH@##
#.. # ###..#####.#
##...##..# ###
###..#..#####....
##...#R......#
##.......####
##...#### #.###
##.# #..#


You could see the friendly Æðelind the ancestor and a hippogriff.

Vanquished Creatures
  Eustachio (D:6)
  Edmund (D:3)
  Duvessa (D:4)
  A water moccasin (D:6)
  A sky beast (D:6)
  An ice beast (D:7)
  2 ogres
  A bullfrog (D:6)
  Dowan (D:4)
  3 wights (D:7)
  A crimson imp (D:7)
  2 hounds
  2 orc priests
  Crazy Yiuf (D:4)
  An iguana (D:5)
  An orc wizard (D:6)
  A gnoll shaman (D:4)
  Natasha (D:4)
  A worker ant (D:4)
  A hound zombie (D:6)
  Robin (D:3)
  6 gnolls
  8 adders
  3 worms
  2 dart slugs (D:3)
  2 leopard geckos
  14 orcs
  10 giant cockroaches
  17 goblins
  6 hobgoblins
  15 jackals
  A quokka (D:2)
  3 ball pythons
  7 bats
  3 frilled lizards
  10 kobolds
  A quokka skeleton (D:4)
  8 rats
142 creatures vanquished.

Vanquished Creatures (collateral kills)
  An ice beast (D:6)
  An ogre (D:6)
  3 bullfrogs
  2 scorpions
  2 crimson imps (D:5)
  A jelly (D:5)
  An orc priest (D:6)
  A centaur skeleton (D:6)
  An orc wizard (D:5)
  2 adders
  An ooze (D:5)
  An adder skeleton (D:7)
  An orc (D:5)
  A jackal (D:5)
19 creatures vanquished.

Vanquished Creatures (others)
  An ancestor (D:7)
1 creature vanquished.

Grand Total: 162 creatures vanquished

Notes
Turn   | Place    | Note
-------+----------+-------------------------------------------
     0 | D:1      | Voker57 the Demonspawn Gladiator began the quest for the
                  | Orb.
     0 | D:1      | Reached XP level 1. HP: 16/16 MP: 1/1
   211 | D:1      | Reached skill level 3 in Dodging
   740 | D:1      | Gained mutation: You are partially covered in yellow
                  | scales. (AC +2) [demonic ancestry]
   740 | D:1      | Reached XP level 2. HP: 18/22 MP: 2/2
  1082 | D:2      | Reached XP level 3. HP: 22/28 MP: 3/3
  2231 | D:3      | Gained mutation: You regenerate a little health from kills.
                  | [demonic ancestry]
  2231 | D:3      | Reached XP level 4. HP: 34/34 MP: 4/4
  2580 | D:3      | Noticed Robin
  2619 | D:3      | HP: 1/34 [kobold/+0 club (3)]
  2627 | D:3      | HP: 1/34 [bat (1)]
  2846 | D:3      | Killed Robin
  2846 | D:3      | Reached skill level 4 in Dodging
  3109 | D:3      | Reached XP level 5. HP: 41/41 MP: 5/5
  3779 | D:4      | Noticed an ogre
  3780 | D:4      | Noticed Duvessa
  3835 | D:4      | Killed Duvessa
  3835 | D:4      | Gained mutation: Your flesh is heat resistant. (rF+)
                  | [demonic ancestry]
  3835 | D:4      | Reached XP level 6. HP: 33/48 MP: 6/6
  3953 | D:4      | Reached skill level 5 in Dodging
  3989 | D:4      | Noticed Dowan
  4123 | D:4      | Killed Dowan
  4168 | D:4      | Noticed Edmund
  4199 | D:3      | Killed Edmund
  4199 | D:3      | Gained mutation: You have a pair of small antennae on your
                  | head. [demonic ancestry]
  4199 | D:3      | Reached XP level 7. HP: 54/54 MP: 7/7
  4728 | D:4      | Noticed Natasha
  4733 | D:4      | Killed Natasha
  4768 | D:4      | Found a staircase to the Ecumenical Temple.
  4886 | D:4      | Found a runed door.
  4933 | D:4      | Reached skill level 6 in Dodging
  5108 | D:4      | Noticed Crazy Yiuf
  5117 | D:4      | Killed Crazy Yiuf
  5234 | Temple   | Entered the Ecumenical Temple
  5486 | Temple   | Became a worshipper of Hepliaklqana the Forgotten
  5541 | D:5      | Entered Level 5 of the Dungeon
  5891 | D:5      | Found a runed door.
  5897 | D:5      | Noticed ThereIsNoGod's ghost (novice OpFi)
  6069 | D:5      | Reached skill level 1 in Invocations
  6153 | D:5      | Gained mutation: You are mostly covered in yellow scales.
                  | (AC +3) [demonic ancestry]
  6153 | D:5      | Reached XP level 8. HP: 54/54 MP: 7/9
  6275 | D:5      | Reached skill level 5 in Long Blades
  6463 | D:6      | Reached skill level 5 in Fighting
  6622 | D:6      | Reached skill level 7 in Dodging
  6645 | D:6      | Found a white marble altar of Elyvilon.
  6683 | D:6      | Reached * piety under Hepliaklqana
  6823 | D:6      | Noticed Eustachio
  6835 | D:6      | Killed Eustachio
  7079 | D:6      | Reached XP level 9. HP: 53/62 MP: 12/12
  7438 | D:7      | Reached skill level 8 in Dodging
  7647 | D:7      | Slain by a hippogriff

Vault maps used:
D:1:      mrwooster_arrival_statue_3
D:2:      minmay_evil_eye, chequers_serial_rivers_room_a, st_stairs_5
D:3:      serial_rivers, chequers_serial_rivers_room_b,
          chequers_serial_rivers_room_a, chequers_serial_rivers_micro_a,
          chequers_serial_rivers_small_3, chequers_serial_rivers_marsh,
          glass_columns_c, minmay_guardbox, uniq_robin
D:4:      minmay_temple_entry_butterflies, uniq_crazy_yiuf_cottage, uniq_edmund,
          uniq_natasha, uniq_duvessa
D:5:      first_ration, ebering_ghost_sewer_d
D:6:      basic_altar, uniq_eustachio
D:7:      fedhas_altar_4
Temple:   nicolae_temple_the_god_donut

Skill      XL: |  1  2  3  4  5  6  7  8  9 |
---------------+----------------------------+-----
Dodging        | 3 4 5 6 7 8 |  8.1
Long Blades    | 3 4 5 6 |  6.0
Fighting       | 3 4 5 6 |  6.1
Invocations    | 1 4 |  4.8
Throwing       | |  1.7

Action                   |  1- 3 |  4- 6 |  7- 9 || total
-------------------------+-------+-------+-------++-------
Melee: Long sword        |    96 |   154 |   146 ||   396
       Mace              |       |    24 |     7 ||    31
       Falchion          |       |       |    60 ||    60
Throw: Throwing net      |     1 |     6 |       ||     7
Invok: Recall Ancestor   |       |       |     1 ||     1
Evoke: Wand              |       |     3 |     6 ||     9
  Use: Scroll            |       |    12 |     3 ||    15
       Potion            |       |     1 |     1 ||     2
 Stab: Distracted        |     1 |       |     1 ||     2
       Sleeping          |       |     1 |     1 ||     2
       Held in net/web   |       |     1 |       ||     1
       Invisible         |       |       |     1 ||     1
       Paralysed         |       |       |     8 ||     8
  Eat: Chunk             |     2 |     5 |    10 ||    17
       Ration            |     1 |       |       ||     1
Armor: Leather armour    |    37 |    69 |       ||   106
       Robe              |       |     2 |    63 ||    65
Dodge: Dodged            |    75 |   183 |   200 ||   458
       Rpst.: Long sword |    26 |    47 |    46 ||   119
       Falchion          |       |       |    15 ||    15

Table legend:
 A = Non-vault XP
 B = Vault XP
 C = Vault XP percentage of total XP
 D = Non-vault monster count
 E = Vault monster count
 F = Vault count percentage of total count
                 A         B        C        D         E       F
            +---------+---------+-------+---------+---------+-------
      Total |    2595 |     761 |  22.7 |     126 |      35 |  21.7
            +---------+---------+-------+---------+---------+-------
        D:1 |      12 |       0 |   0.0 |       9 |       0 |   0.0
        D:2 |      59 |      18 |  23.4 |      19 |       5 |  20.8
        D:3 |      73 |     218 |  74.9 |      25 |      25 |  50.0
        D:4 |     367 |     308 |  45.6 |      17 |       4 |  19.0
        D:5 |     426 |       0 |   0.0 |      28 |       0 |   0.0
        D:6 |    1135 |     217 |  16.1 |      20 |       1 |   4.8
        D:7 |     523 |       0 |   0.0 |       8 |       0 |   0.0
            +---------+---------+-------+---------+---------+-------
